General information
- name: BNet
- type: Ladder team game (AT/RT)
- host: Battle.net
- saver: TylerKerr
map: RiverOfSouls
- players: 6
- length: 22:34
- speed: Fast
- version: 1.21 W3XP
- replay type: Public
» download(151 KB)
Players
team 1 (winner)
iggy_the_fisk (
yellow | 79 APM | 1782 actions | 22:33)
6 Blademaster
3 Wind Walk
3 Critical Strike
» actions
| Assign group hotkey | 83 | |
| Basic commands | 7 | |
| Build / train | 63 | |
| Enter build submenu | 51 | |
| Enter hero's abilities submenu | 6 | |
| Give item / drop item | 6 | |
| Right click | 1063 | |
| Select / deselect | 180 | |
| Select group hotkey | 194 | |
| Use ability | 129 | |
1782 total
» units
» upgrades
| Spiked Barricades | 2 | |
| Reinforced Defenses | 1 | |
| Liquid Fire | 1 | |
4 total
» buildings
| Altar of Storms | 1 | |
| Orc Burrow | 4 | |
| War Mill | 1 | |
| Watch Tower | 34 | |
| Stronghold | 1 | |
| Beastiary | 2 | |
| Fortress | 3 | |
| Voodoo Lounge | 2 | |
48 total
» build order
00:07 Altar of Storms
00:19 Orc Burrow
00:34 War Mill
01:49 Watch Tower
02:08 Watch Tower
02:29 Watch Tower
02:57 Watch Tower
03:17 Watch Tower
03:36 Watch Tower
03:37 Stronghold
03:59 Watch Tower
04:06 Watch Tower
04:32 Watch Tower
05:14 Watch Tower
05:15 Watch Tower
05:27 Watch Tower
05:28 Watch Tower
05:32 Orc Burrow
05:50 Watch Tower
05:51 Watch Tower
06:35 Beastiary
06:50 Watch Tower
06:51 Watch Tower
07:24 Fortress
07:24 Fortress
07:40 Voodoo Lounge
08:55 Watch Tower
09:05 Watch Tower
09:06 Watch Tower
09:06 Watch Tower
09:34 Watch Tower
09:50 Watch Tower
09:53 Beastiary
10:00 Orc Burrow
10:38 Watch Tower
11:45 Orc Burrow
12:20 Watch Tower
13:15 Watch Tower
14:21 Watch Tower
14:36 Voodoo Lounge
15:22 Watch Tower
17:06 Watch Tower
17:07 Watch Tower
17:07 Watch Tower
17:10 Watch Tower
17:11 Watch Tower
19:22 Watch Tower
» items
| Boots of Speed | 1 | |
| Staff of Teleportation | 1 | |
| Healing Salve | 3 | |
| Lesser Clarity Potion | 3 | |
| Orb of Lightning | 1 | |
9 total
TylerKerr (
teal | 79 APM | 1783 actions | 22:34)
7 Demon Hunter
3 Mana Burn
3 Evasion
1 Metamorphosis
» actions
| Assign group hotkey | 5 | |
| Basic commands | 1 | |
| Build / train | 67 | |
| Enter build submenu | 18 | |
| Enter hero's abilities submenu | 8 | |
| Give item / drop item | 3 | |
| Remove unit from queue | 2 | |
| Right click | 994 | |
| Select / deselect | 183 | |
| Select group hotkey | 455 | |
| Use ability | 47 | |
1783 total
» units
» upgrades
| Ultravision | 1 | |
| Strength of the Wild | 3 | |
| Reinforced Hides | 3 | |
| Well Spring | 1 | |
| Corrosive Breath | 1 | |
9 total
» buildings
| Altar of Elders | 1 | |
| Moon Well | 6 | |
| Tree of Life | 3 | |
| Tree of Ages | 1 | |
| Hunter's Hall | 1 | |
| Ancient of Wind | 1 | |
| Tree of Eternity | 1 | |
| Ancient of Wonders | 1 | |
| Chimaera Roost | 2 | |
17 total
» build order
00:14 Altar of Elders
00:37 Moon Well
03:09 Tree of Life
04:14 Tree of Life
04:31 Moon Well
07:12 Tree of Ages
07:30 Hunter's Hall
08:34 Moon Well
08:35 Moon Well
09:41 Ancient of Wind
11:03 Tree of Eternity
12:34 Ancient of Wonders
13:32 Chimaera Roost
13:47 Chimaera Roost
14:18 Moon Well
14:19 Moon Well
19:39 Tree of Life
» items
| Boots of Speed | 1 | |
| Healing Salve | 3 | |
| Lesser Clarity Potion | 1 | |
| Scroll of Town Portal | 2 | |
| Staff of Teleportation | 1 | |
| Orb of Venom | 1 | |
| Staff of Preservation | 1 | |
10 total
yummmmmDlCKS.de (
purple | 63 APM | 1418 actions | 22:33)
4 Archmage
2 Blizzard
2 Brilliance Aura
» actions
| Assign group hotkey | 4 | |
| Basic commands | 22 | |
| Build / train | 92 | |
| ESC pressed | 2 | |
| Enter build submenu | 73 | |
| Enter hero's abilities submenu | 4 | |
| Give item / drop item | 1 | |
| Right click | 547 | |
| Select / deselect | 209 | |
| Select group hotkey | 271 | |
| Use ability | 193 | |
1418 total
» units
| Peasant | 14 | |
| Dragonhawk Rider | 5 | |
19 total
» upgrades
| Masonry | 3 | |
| Lumber Harvesting | 2 | |
| Magic Sentry | 1 | |
| Armor | 2 | |
| Swords | 2 | |
| Animal War Training | 1 | |
11 total
» buildings
| Altar of Kings | 1 | |
| Lumber Mill | 2 | |
| Farm | 9 | |
| Scout Tower | 110 | |
| Arcane Tower | 1 | |
| Guard Tower | 50 | |
| Arcane Vault | 1 | |
| Keep | 1 | |
| Gryphon Aviary | 2 | |
| Arcane Sanctum | 1 | |
| Blacksmith | 1 | |
| Castle | 1 | |
| Barracks | 1 | |
181 total
» build order
00:03 Altar of Kings
00:15 Lumber Mill
00:28 Farm
00:45 Scout Tower
01:14 Arcane Tower
01:25 Scout Tower
01:43 Farm
01:50 Scout Tower
01:52 Scout Tower
01:54 Guard Tower
02:18 Scout Tower
02:19 Guard Tower
02:29 Scout Tower
02:48 Guard Tower
02:49 Scout Tower
03:07 Guard Tower
03:18 Guard Tower
03:20 Scout Tower
03:24 Guard Tower
03:26 Scout Tower
03:50 Guard Tower
03:52 Scout Tower
03:54 Scout Tower
03:57 Guard Tower
03:59 Scout Tower
04:03 Scout Tower
04:04 Scout Tower
04:05 Scout Tower
04:06 Scout Tower
04:06 Scout Tower
04:15 Scout Tower
04:16 Scout Tower
04:17 Scout Tower
04:18 Scout Tower
04:19 Scout Tower
04:21 Scout Tower
04:31 Guard Tower
04:32 Scout Tower
04:37 Scout Tower
04:40 Guard Tower
04:44 Guard Tower
04:46 Guard Tower
04:58 Scout Tower
05:08 Guard Tower
05:23 Guard Tower
05:25 Guard Tower
05:41 Arcane Vault
05:47 Keep
05:48 Guard Tower
05:56 Guard Tower
05:58 Scout Tower
06:01 Guard Tower
06:13 Guard Tower
06:24 Guard Tower
06:25 Scout Tower
06:35 Guard Tower
06:38 Scout Tower
06:49 Scout Tower
06:50 Scout Tower
06:51 Scout Tower
06:52 Scout Tower
06:52 Scout Tower
07:23 Guard Tower
07:28 Scout Tower
07:33 Scout Tower
07:34 Scout Tower
07:35 Scout Tower
07:36 Scout Tower
08:18 Guard Tower
08:28 Gryphon Aviary
09:17 Guard Tower
09:23 Gryphon Aviary
09:39 Arcane Sanctum
09:44 Farm
09:46 Farm
09:46 Farm
09:48 Guard Tower
09:54 Scout Tower
09:55 Scout Tower
09:56 Scout Tower
10:18 Farm
10:21 Farm
10:22 Farm
11:47 Farm
11:54 Blacksmith
11:56 Guard Tower
12:01 Scout Tower
12:01 Scout Tower
12:02 Scout Tower
12:03 Scout Tower
12:04 Scout Tower
12:13 Lumber Mill
12:19 Castle
12:20 Barracks
12:32 Scout Tower
12:33 Scout Tower
12:35 Scout Tower
12:37 Scout Tower
12:43 Scout Tower
12:44 Scout Tower
12:45 Scout Tower
12:49 Scout Tower
12:49 Scout Tower
12:53 Scout Tower
12:53 Scout Tower
13:16 Guard Tower
13:18 Guard Tower
13:44 Guard Tower
13:48 Scout Tower
13:49 Scout Tower
13:49 Scout Tower
14:13 Guard Tower
14:16 Scout Tower
14:17 Scout Tower
14:18 Scout Tower
14:18 Scout Tower
14:24 Scout Tower
14:25 Scout Tower
14:26 Guard Tower
15:23 Guard Tower
15:35 Guard Tower
15:38 Scout Tower
15:39 Scout Tower
15:40 Scout Tower
15:41 Scout Tower
15:44 Scout Tower
15:44 Scout Tower
15:45 Scout Tower
15:48 Scout Tower
15:49 Scout Tower
15:49 Scout Tower
16:18 Scout Tower
16:19 Scout Tower
16:19 Scout Tower
16:21 Scout Tower
16:22 Scout Tower
16:23 Scout Tower
16:24 Scout Tower
16:28 Guard Tower
16:31 Guard Tower
16:39 Guard Tower
16:42 Guard Tower
16:50 Guard Tower
17:36 Guard Tower
17:38 Guard Tower
18:11 Guard Tower
18:14 Scout Tower
18:15 Scout Tower
18:17 Scout Tower
18:19 Scout Tower
18:19 Scout Tower
18:20 Scout Tower
18:23 Scout Tower
18:23 Scout Tower
18:31 Guard Tower
18:34 Scout Tower
18:35 Scout Tower
18:36 Scout Tower
18:37 Scout Tower
18:38 Scout Tower
18:38 Scout Tower
18:56 Guard Tower
19:10 Guard Tower
19:32 Guard Tower
19:36 Guard Tower
20:22 Guard Tower
20:26 Guard Tower
20:33 Scout Tower
20:34 Scout Tower
20:35 Scout Tower
20:37 Scout Tower
20:39 Scout Tower
20:40 Scout Tower
20:42 Scout Tower
20:42 Scout Tower
20:43 Scout Tower
21:15 Scout Tower
21:17 Scout Tower
21:20 Scout Tower
21:24 Guard Tower
22:02 Guard Tower
» items
| Boots of Speed | 1 | |
| Staff of Teleportation | 1 | |
| Lesser Clarity Potion | 1 | |
| Orb of Lightning | 1 | |
4 total
team 2 (loser)
4k.psih (
pink | 43 APM | 850 actions | 19:57)
1 Priestess of the Moon
1 Searing Arrows
» actions
| Assign group hotkey | 10 | |
| Build / train | 41 | |
| Enter build submenu | 15 | |
| Enter hero's abilities submenu | 1 | |
| Remove unit from queue | 1 | |
| Right click | 233 | |
| Select / deselect | 325 | |
| Select group hotkey | 196 | |
| Use ability | 27 | |
850 total
» units
» upgrades
| Strength of the Wild | 2 | |
| Corrosive Breath | 1 | |
| Reinforced Hides | 1 | |
4 total
» buildings
| Altar of Elders | 1 | |
| Moon Well | 6 | |
| Tree of Ages | 1 | |
| Hunter's Hall | 1 | |
| Ancient Protector | 1 | |
| Tree of Eternity | 1 | |
| Ancient of Wind | 1 | |
| Chimaera Roost | 3 | |
| Tree of Life | 1 | |
16 total
» build order
00:12 Altar of Elders
00:17 Moon Well
02:00 Tree of Ages
02:20 Hunter's Hall
02:29 Moon Well
03:55 Ancient Protector
04:08 Moon Well
06:04 Tree of Eternity
06:18 Ancient of Wind
07:56 Moon Well
08:00 Moon Well
09:36 Chimaera Roost
10:28 Chimaera Roost
11:29 Chimaera Roost
11:45 Moon Well
17:04 Tree of Life
cruelpaladin (
green | 78 APM | 1752 actions | 22:33)
4 Demon Hunter
2 Mana Burn
2 Evasion
» actions
| Assign group hotkey | 7 | |
| Build / train | 68 | |
| Enter build submenu | 17 | |
| Enter hero's abilities submenu | 4 | |
| Remove unit from queue | 1 | |
| Right click | 1157 | |
| Select / deselect | 413 | |
| Select group hotkey | 37 | |
| Use ability | 48 | |
1752 total
» units
| Wisp | 14 | |
| Huntress | 1 | |
| Glaive Thrower | 17 | |
| Dryad | 17 | |
| Druid of the Claw | 5 | |
54 total
» upgrades
| Abolish Magic | 1 | |
| Druid of the Claw Training | 2 | |
| Vorpal Blades | 1 | |
4 total
» buildings
| Altar of Elders | 1 | |
| Moon Well | 7 | |
| Ancient of War | 2 | |
| Hunter's Hall | 1 | |
| Ancient of Wonders | 2 | |
| Tree of Ages | 1 | |
| Ancient of Lore | 2 | |
| Ancient Protector | 2 | |
| Tree of Eternity | 1 | |
19 total
» build order
00:06 Altar of Elders
00:09 Moon Well
00:40 Ancient of War
01:26 Moon Well
02:05 Hunter's Hall
02:26 Ancient of Wonders
03:11 Tree of Ages
03:21 Ancient of War
03:38 Moon Well
03:58 Moon Well
04:35 Ancient of Wonders
04:58 Moon Well
05:38 Ancient of Lore
06:10 Ancient of Lore
06:43 Moon Well
07:24 Moon Well
07:41 Ancient Protector
12:18 Tree of Eternity
15:52 Ancient Protector
» items
| Dust of Appearance | 2 | |
| Potion of Healing | 1 | |
3 total
TheWild (
blue | 99 APM | 2214 actions | 22:22)
3 Archmage
2 Summon Water Elemental
1 Brilliance Aura
1 Mountain King
1 Storm Bolt
» actions
| Assign group hotkey | 52 | |
| Basic commands | 73 | |
| Build / train | 74 | |
| ESC pressed | 11 | |
| Enter build submenu | 30 | |
| Enter hero's abilities submenu | 4 | |
| Give item / drop item | 2 | |
| Right click | 739 | |
| Select / deselect | 400 | |
| Select group hotkey | 713 | |
| Use ability | 115 | |
2214 total
» units
| Peasant | 15 | |
| Footman | 7 | |
| Mortar Team | 4 | |
| Flying Machine | 1 | |
| Priest | 6 | |
| Dragonhawk Rider | 2 | |
| Siege Engine | 7 | |
42 total
» upgrades
| Defend | 1 | |
| Lumber Harvesting | 1 | |
| Cloud | 1 | |
| Fragmentation Shards | 1 | |
| Priest Training | 2 | |
| Barrage | 1 | |
| Magic Sentry | 1 | |
| Masonry | 1 | |
9 total
» buildings
| Altar of Kings | 2 | |
| Barracks | 1 | |
| Farm | 12 | |
| Scout Tower | 2 | |
| Arcane Tower | 1 | |
| Keep | 6 | |
| Arcane Vault | 2 | |
| Castle | 1 | |
| Blacksmith | 1 | |
| Workshop | 4 | |
| Lumber Mill | 1 | |
| Gryphon Aviary | 2 | |
| Arcane Sanctum | 1 | |
| Guard Tower | 1 | |
37 total
» build order
00:03 Altar of Kings
00:08 Barracks
00:10 Altar of Kings
00:30 Farm
00:50 Farm
00:55 Farm
01:43 Scout Tower
01:59 Farm
02:12 Arcane Tower
03:48 Keep
03:48 Keep
03:49 Keep
04:36 Arcane Vault
04:52 Arcane Vault
06:03 Farm
06:04 Farm
06:05 Farm
06:07 Farm
06:09 Farm
06:34 Castle
08:04 Blacksmith
09:22 Workshop
09:25 Lumber Mill
10:14 Gryphon Aviary
10:21 Arcane Sanctum
10:44 Workshop
11:24 Gryphon Aviary
11:28 Guard Tower
11:42 Workshop
12:13 Farm
16:39 Farm
16:52 Farm
17:27 Scout Tower
19:13 Workshop
» items
| Dust of Appearance | 1 | |
| Ivory Tower | 3 | |
| Scroll of Regeneration | 2 | |
6 total
Chat log
(18:04 / All) TylerKerr: gg noobs
(18:05 / All) TylerKerr: bye
(18:06 / All) TylerKerr: quit
(18:40 / All) iggy_the_fisk: chims cant attack air noob
(18:46 / All) iggy_the_fisk: guess what can do
(18:47 / All) iggy_the_fisk: bat riders
(19:28 / All) TylerKerr: quit
(19:30 / All) TylerKerr: bitch
(19:33 / All) TylerKerr: eurotrash
(19:57 / All) yummmmmDlCKS.de: ))
(19:59 / All) TheWild: mabye 4v4?)
(20:04 / All) TheWild: same strategy)
(20:15 / All) TheWild: i playt that in roc
(20:16 / All) yummmmmDlCKS.de: ))))
(22:09 / All) TheWild: )
(22:11 / All) TheWild: i tired
(22:12 / All) yummmmmDlCKS.de: (
(22:18 / All) TylerKerr: kill yourself